Map: World of Sleepers LE

Players

ShoWTimE - Winner!

  • Race: Protoss Protoss
  • Spawn Location: 7:00

Cham

  • Race: Zerg Zerg
  • Spawn Location: 1:00

VOD

Have the link to the VOD?

Description

Time

  • Played on: Sept. 7, 2019, 1:17 p.m.
  • Length: 15:23
Show
View Real Time Build Order
Export as new Build Order

ShoWTimE Protoss - Winner!

Build Orders: 1 Gate Expand, Archon Immortal, Archon Drop, Dark Templar Rush 

Get SALT Encoding   

  12  0:00  Probe  
  13  0:12  Probe  
  14  0:20  Pylon  
  14  0:24  Probe  
  15  0:34  Probe  
  15  0:42  Gateway, Probe  
  17  0:50  Assimilator  
  17  0:52  Probe  
  18  1:04  Probe  
  19  1:16  Probe  
  20  1:27  Nexus  
  20  1:36  Cybernetics Core  
  20  1:39  Probe  
  21  1:44  Assimilator  
  21  1:51  Probe  
  21  1:54  Pylon  
  22  2:02  Adept  
  22  2:03  Probe  
  23  2:12  Warp Gate  
  25  2:15  Probe  
  26  2:23  Stalker  
  26  2:28  Probe  
  27  2:35  Twilight Council, Probe  
  29  2:40  Probe  
  29  2:43  Probe  
  32  2:52  Probe  
  32  2:53  Probe, Robotics Facility  
  34  3:04  Probe  
  34  3:05  Probe  
  36  3:16  Gateway, Probe  
  36  3:19  Dark Shrine  
  37  3:21  Probe  
  38  3:28  Probe  
  38  3:32  Gateway  
  38  3:33  Probe  
  40  3:35  Warp Prism  
  40  3:36  Gateway  
  40  3:48  Probe  
  43  3:49  Probe  
  43  3:53  Pylon  
  44  4:00  Probe  
  44  4:01  Probe  
  46  4:03  Assimilator  
  46  4:05  Assimilator  
  46  4:07  Pylon  
  46  4:10  Probe  
  46  4:12  Adept  
  46  4:13  Probe  
  50  4:18  Pylon, Probe  
  51  4:25  Probe  
  51  4:28  Probe  
  53  4:37  Probe, Dark Templar x3  
  60  4:41  Archon  
  60  4:42  Dark Templar  
  62  4:45  Archon  
  62  4:46  Observer  
  62  4:49  Pylon  
  63  4:58  Nexus  
  63  4:59  Probe  
  64  5:01  Probe  
  64  5:05  Pylon  
  65  5:09  Shield Battery  
  65  5:12  Probe  
  65  5:13  Probe  
  67  5:17  Immortal, Sentry x2  
  71  5:24  Probe  
  71  5:25  Probe  
  77  5:36  Probe  
  77  5:37  Probe  
  79  5:44  Forge  
  79  5:47  Immortal  
  79  5:48  Probe  
  79  5:49  Charge  
  81  5:50  Pylon, Probe  
  81  5:57  Protoss Ground Weapons Level 1  
  81  6:02  Probe  
  86  6:08  Probe  
  87  6:14  Probe  
  87  6:15  Gateway, Probe  
  87  6:16  Gateway  
  89  6:20  Probe  
  89  6:21  Templar Archives  
  89  6:22  Pylon  
  90  6:26  Pylon, Probe  
  90  6:27  Probe  
  90  6:31  Immortal  
  90  6:32  Probe  
  93  6:33  Assimilator  
  93  6:37  Assimilator  
  93  6:38  Probe  
  93  6:39  Probe  
  95  6:44  Psionic Storm, Probe  
  100  6:50  Probe  
  100  6:51  Pylon  
  101  6:55  Gateway  
  101  6:56  Gateway  
  101  7:00  Pylon  
  101  7:02  Photon Cannon  
  101  7:04  Photon Cannon  
  101  7:06  High Templar x2  
  105  7:12  Immortal, High Templar  
  105  7:14  Shield Battery  
  107  7:16  Pylon  
  111  7:25  Photon Cannon  
  111  7:32  High Templar  
  111  7:35  Photon Cannon  
  113  7:44  Pylon  
  113  7:45  High Templar x2  
  113  7:46  Gateway  
  113  7:47  Gateway  
  113  7:49  Nexus  
  117  7:52  Pylon  
  117  7:53  Probe x3  
  120  8:01  High Templar  
  120  8:02  Zealot x3, High Templar  
  130  8:06  Archon  
  130  8:12  Zealot  
  132  8:15  Pylon  
  132  8:18  Pylon  
  130  8:20  Pylon, High Templar x2  
  131  8:27  Archon  
  131  8:29  Zealot x3  
  129  8:37  High Templar  
  129  8:38  High Templar, Zealot  
  129  8:41  Observer  
  130  8:42  Archon  
  130  8:43  Zealot x2  
  135  8:49  Zealot x2  
  135  8:50  Zealot  
  139  9:03  Zealot x3  
  139  9:08  Zealot x2  
  139  9:09  Nexus  
  137  9:10  Immortal  
  137  9:11  High Templar  
  137  9:12  Pylon, High Templar  
  137  9:13  Archon  
  145  9:21  Zealot x3  
  151  9:29  Zealot x3  
  152  9:38  Zealot x2  
  138  9:44  Zealot x5  
  144  9:49  Immortal  
  138  9:52  High Templar x3  
  138  9:58  Archon, Protoss Ground Weapons Level 2  
  142  10:05  Archon  
  140  10:09  Probe x3  
  140  10:10  High Templar x3  
  149  10:21  Probe  
  149  10:22  Photon Cannon  
  149  10:24  Photon Cannon, Pylon  
  149  10:27  Shield Battery, Zealot x7  
  164  10:28  Unknown  
  164  10:31  Pylon  
  164  10:32  Stargate  
  164  10:47  Zealot x8  
  164  10:51  Archon  
  164  10:54  Archon  
  146  10:59  Zealot x2  
  146  11:02  Photon Cannon  
  150  11:05  Photon Cannon  
  150  11:06  Photon Cannon  
  150  11:10  High Templar x4  
  158  11:17  Zealot x4  
  166  11:21  Shield Battery  
  166  11:23  Shield Battery  
  164  11:33  Fleet Beacon  
  164  11:35  Stargate  
  164  11:37  Zealot x4  
  146  11:41  Oracle  
  142  11:47  Zealot x4  
  142  11:50  High Templar x2  
  155  11:56  Archon  
  155  12:00  Pylon  
  149  12:07  Zealot x4, High Templar x2  
  153  12:10  Observer  
  153  12:11  High Templar, Archon  
  155  12:15  Pylon  
  155  12:20  Nexus  
  155  12:22  Zealot  
  158  12:23  Zealot  
  160  12:32  Dark Templar x2  
  164  12:41  Zealot x3  
  164  12:43  Carrier  
  164  12:44  Zealot x2  
  170  12:45  Carrier  
  170  12:47  Mothership  
  176  13:25  Photon Cannon  
  176  13:26  Photon Cannon  
  174  13:28  Shield Battery  
  174  13:30  High Templar x2  
  174  13:33  Assimilator  
  174  13:34  Archon  
  176  13:36  Stargate  
  176  13:38  Assimilator  
  176  13:42  Zealot x5  
  186  13:54  Zealot x3  
  152  14:02  Archon  
  152  14:05  Probe x3, Zealot x7  
  152  14:09  Probe  
  147  14:13  Probe x2  
  147  14:14  Probe  
  147  14:16  High Templar x3  
  162  14:36  High Templar x3  
  162  14:37  High Templar  
  162  14:38  Dark Templar  
  172  14:42  Archon  
  172  14:45  Archon  
  172  14:46  Archon  
  158  15:01  Stalker x5  
  162  15:11  Zealot x5  
Show
View Real Time Build Order
Export as new Build Order

Cham Zerg 

Build Orders: Hatch First 

Get SALT Encoding   

  12  0:00  Drone  
  13  0:09  Drone  
  14  0:18  Overlord  
  14  0:36  Drone x2  
  16  0:52  Drone  
  16  0:54  Drone  
  16  0:55  Hatchery  
  17  0:58  Drone  
  18  1:09  Extractor  
  17  1:13  Spawning Pool  
  17  1:16  Drone  
  17  1:20  Drone  
  18  1:31  Drone  
  19  1:42  Drone  
  20  2:00  Queen  
  22  2:05  Overlord  
  22  2:07  Queen  
  22  2:08  Zergling x4  
  26  2:13  Metabolic Boost  
  26  2:15  Drone  
  27  2:28  Hatchery  
  26  2:35  Drone x2  
  28  2:41  Overlord  
  28  2:43  Drone  
  29  2:49  Zergling x2  
  29  2:51  Zergling x2  
  31  2:58  Drone x2  
  32  3:10  Drone x4  
  32  3:11  Drone  
  32  3:12  Drone  
  37  3:15  Spore Crawler  
  37  3:18  Drone  
  37  3:19  Drone  
  38  3:24  Queen  
  40  3:30  Overlord  
  40  3:32  Drone  
  41  3:37  Overlord  
  41  3:38  Drone  
  42  3:44  Drone x2  
  42  3:45  Drone  
  45  3:51  Drone  
  45  3:52  Drone x3  
  45  3:53  Drone  
  45  3:55  Zergling x2  
  51  3:58  Zergling x2  
  51  4:00  Zergling x2  
  53  4:03  Zergling x2  
  54  4:10  Queen x2  
  54  4:14  Drone  
  59  4:18  Drone x2  
  59  4:19  Drone x2  
  62  4:25  Spore Crawler  
  62  4:28  Spore Crawler  
  62  4:30  Drone  
  61  4:33  Roach Warren, Lair  
  61  4:38  Drone x3  
  63  4:40  Overlord, Drone  
  64  4:48  Drone  
  64  4:51  Overlord  
  65  4:58  Drone x2  
  65  4:59  Overlord x2  
  67  5:00  Drone x4  
  67  5:01  Drone x2  
  67  5:05  Overlord  
  73  5:10  Overlord  
  73  5:18  Roach x4  
  73  5:19  Roach  
  80  5:25  Roach x3  
  85  5:29  Drone x3  
  85  5:32  Drone  
  85  5:33  Drone x2  
  85  5:34  Overlord  
  85  5:35  Drone  
  88  5:41  Extractor  
  88  5:42  Extractor  
  86  5:43  Glial Reconstitution  
  86  5:44  Evolution Chamber, Extractor  
  86  5:45  Baneling Nest  
  86  5:46  Drone, Overlord, Extractor  
  86  5:47  Drone  
  84  5:51  Extractor  
  84  5:55  Overlord x2  
  84  5:56  Drone  
  84  5:57  Drone x3  
  86  5:58  Hatchery  
  86  6:00  Drone  
  86  6:01  Drone  
  86  6:03  Drone  
  89  6:07  Roach  
  91  6:17  Overlord, Drone  
  90  6:20  Roach x4  
  90  6:22  Overlord x2  
  98  6:27  Overlord  
  98  6:31  Queen x2  
  102  6:37  Roach x3  
  108  6:42  Overlord  
  108  6:43  Drone x4  
  108  6:46  Drone  
  114  6:47  Drone  
  114  6:51  Zerg Melee Weapons Level 1, Centrifical Hooks  
  114  6:52  Drone x2  
  116  6:54  Pneumatized Carapace  
  116  6:58  Overlord  
  116  6:59  Drone x3  
  119  7:01  Drone  
  119  7:04  Drone  
  119  7:05  Drone x2  
  123  7:16  Overlord  
  123  7:18  Drone  
  123  7:19  Zergling x4, Roach x3  
  123  7:20  Zergling x2  
  123  7:22  Roach x2  
  137  7:26  Zergling x2  
  138  7:30  Overlord, Drone  
  138  7:33  Zergling x2  
  140  7:38  Zergling x2  
  140  7:39  Zergling x10, Hatchery  
  140  7:41  Ravager x4  
  140  7:42  Zergling x2, Ravager x5  
  155  7:44  Overlord  
  155  7:46  Zergling x2  
  155  7:47  Zergling x2  
  157  7:51  Drone  
  157  7:52  Overseer  
  157  7:53  Overlord  
  157  7:54  Zergling x4  
  157  7:56  Baneling  
  157  7:57  Baneling x9  
  160  8:02  Zergling x2, Hatchery  
  160  8:03  Zergling x8  
  160  8:05  Zergling x2  
  165  8:06  Zergling x4  
  165  8:09  Baneling x8  
  165  8:10  Zergling x2  
  165  8:12  Zergling x2  
  167  8:21  Zergling x2  
  167  8:22  Zergling x8  
  158  8:35  Zergling x4  
  158  8:36  Zergling x16  
  158  8:40  Baneling x15  
  158  8:41  Baneling x3, Zergling x6  
  168  8:42  Baneling x2, Zergling x4  
  168  8:48  Zergling x6  
  176  8:53  Baneling  
  176  8:54  Baneling x5  
  176  8:55  Zergling x16  
  180  9:05  Zergling x8  
  167  9:12  Baneling  
  167  9:13  Baneling x12  
  167  9:14  Zergling x16  
  167  9:15  Zergling x2  
  175  9:17  Zergling x2  
  175  9:18  Zerg Melee Weapons Level 2  
  175  9:21  Zergling x4  
  175  9:23  Zergling x4  
  180  9:25  Zergling x4  
  180  9:28  Baneling x3  
  162  9:42  Roach x2  
  162  9:43  Zergling x2, Roach x4  
  162  9:45  Baneling x8  
  167  9:52  Zergling x2, Roach x2  
  160  9:53  Zergling x14  
  160  9:54  Zergling x14  
  160  9:58  Zergling x2  
  160  9:59  Zergling x4  
  173  10:04  Zergling x4  
  173  10:05  Zergling x6, Roach x3  
  168  10:11  Zergling x2, Roach x2  
  173  10:15  Roach x2  
  173  10:16  Roach  
  173  10:20  Baneling x12  
  179  10:21  Zergling x2  
  179  10:22  Zergling x10  
  179  10:23  Zergling x4  
  179  10:27  Zergling x8  
  179  10:28  Zergling x2  
  192  10:29  Unknown  
  192  10:30  Zergling x2, Overlord, Drone x3  
  192  10:32  Zergling x2  
  192  10:33  Baneling x5  
  196  10:39  Baneling x3  
  196  10:40  Zergling x2  
  196  10:42  Baneling x2  
  166  10:54  Zergling x10, Roach x3  
  166  10:55  Zergling x8  
  154  11:00  Zergling x28, Roach x3  
  154  11:02  Zergling x6, Roach x2  
  169  11:05  Baneling x9  
  169  11:07  Roach  
  169  11:10  Overseer  
  169  11:11  Zergling x2, Roach  
  173  11:12  Zergling x4  
  173  11:16  Zergling x4  
  178  11:18  Baneling x2  
  178  11:19  Baneling x6, Zergling x2  
  178  11:20  Zergling x4  
  178  11:24  Zergling x8  
  185  11:25  Baneling  
  185  11:26  Baneling x4  
  185  11:27  Zergling x4  
  185  11:28  Zergling x6  
  185  11:31  Baneling  
  185  11:34  Zerg Missile Weapons Level 1  
  167  11:40  Zergling x2, Roach x3  
  167  11:42  Zergling x10  
  167  11:43  Zergling x4  
  167  11:46  Zergling x2  
  176  11:51  Zergling x4  
  175  11:55  Queen  
  175  11:57  Drone x3  
  175  11:58  Zergling x14, Drone x2  
  175  12:00  Zergling x6  
  187  12:04  Baneling x7  
  187  12:05  Zergling x2  
  187  12:06  Zergling x6  
  188  12:12  Zergling x8  
  188  12:13  Zergling x4  
  188  12:15  Baneling x13  
  194  12:16  Baneling x7  
  194  12:17  Zergling x2  
  194  12:18  Zergling x2  
  194  12:19  Hatchery  
  195  12:23  Zergling x8  
  199  12:31  Baneling x6  
  199  12:35  Spire  
  198  12:38  Zergling x2  
  187  12:52  Zergling x6  
  187  12:53  Zergling x20  
  200  13:00  Baneling x8  
  200  13:01  Baneling x14  
  200  13:04  Spore Crawler, Overseer, Spine Crawler  
  200  13:05  Overseer  
  196  13:11  Drone  
  196  13:12  Drone  
  195  13:13  Overlord x3  
  192  13:24  Drone x4  
  192  13:25  Overlord x3  
  195  13:29  Baneling x4  
  195  13:30  Baneling x8  
  195  13:32  Zergling x14  
  195  13:34  Baneling x7  
  183  14:00  Zergling x36  
  183  14:01  Corruptor  
  140  14:13  Corruptor x2  
  140  14:14  Corruptor x5  
  140  14:16  Corruptor  
  143  14:18  Corruptor  
  143  14:23  Corruptor  
  145  14:25  Baneling x2  
  145  14:26  Baneling x2  
  147  14:31  Roach  
  147  14:32  Roach x2  
  147  14:34  Baneling x2  
  147  14:36  Roach x2  
  147  14:37  Zergling x4  
  163  14:39  Baneling x2  
  163  14:41  Corruptor x2  
  133  15:03  Zergling x4, Roach  
Tags
 
Add a new tag
Caveats
  • Supply blocks, unpowered buildings, or Contaminate may cause inaccurate times.
  • Supply counts are checked every 10 seconds.